AoeStats
← zqllqaa098

Arabia

509716787Analyzed
1v1 RM · 5d ago on Sep 27, 2026· 31m 44s· 2 players
Game mode
Random Map
Map size
Tiny (2 player)
Population
200
Speed
Normal
Resources
Standard
Victory
Conquest
Starting age
Dark Age
Ending age
Imperial Age
RankedLock teamsTeams togetherTeam positionsShared explorationLock speedFull tech treeHidden civsTurbo modeCheats
Victory
Defeat
🇮🇳 Mongols · India
1118
+16
🇦🇷 Vietnamese · Argentina
1111
-16
Space
5:57 Loom
11:53 Feudal Age
17:39 Wheelbarrow
19:49 Castle Age
18:08 Double-Bit Axe
19:30 Fletching
23:06 Crossbowman
25:17 Bodkin Arrow
26:30 Padded Archer Armor
27:53 Leather Archer Armor
28:25 Bow Saw
28:01 Horse Collar
29:32 Gold Mining
32:15 Ballistics
zqllqaa098
0:59 Loom
9:39 Feudal Age
11:42 Double-Bit Axe
12:26 Horse Collar
20:04 Castle Age
18:27 Gold Mining
20:07 Bloodlines
20:08 Light Cavalry
21:04 Bow Saw
20:59 Heavy Plow
21:11 Husbandry
23:23 Gold Shaft Mining
24:18 Forging
27:06 Scale Barding Armor
27:41 Wheelbarrow
26:56 Town Watch
28:54 Chain Barding Armor
29:39 Stone Mining
31:24 Stone Shaft Mining
Connection lost

Rejoining the realm…

Still unreachable

The connection could not be restored.

Session expired

The server has moved on; the page needs a fresh start.